 Dungeon Crawl Stone Soup version 0.18-a0-1147-g8e8348b (webtiles) character file.

1404 namelastname112 the Grappler (level 8, -13/63 HPs)
             Began as a Black Draconian Chaos Knight on Jan 23, 2016.
             Shot with an arrow by a centaur (16 damage)
             ... on level 6 of the Dungeon.
             The game lasted 00:12:13 (5721 turns).

namelastname112 the Grappler (DrCK)                 Turns: 5721, Time: 00:12:14

Health: -13/63     AC:  6    Str: 12 (15) XL:     8   Next: 42%
Magic:  8/8        EV: 12    Int: 12 (15) God:    Xom [...*..]
Gold:   378        SH:  4    Dex: 11 (12) Spells: 1 memorised, 1 level left

rFire  . . .     SeeInvis .       - Unarmed
rCold  . . .     Gourm    .     (armour unavailable)
rNeg   . . .     Faith    .     (no shield)
rPois  .         Spirit   .     (helmet restricted)
rElec  +         Dismiss  .     (no cloak)
rCorr  +         Reflect  +     (no gloves)
SustAt .         Harm     .     (no boots)
MR     +....                    g - +4 amulet of reflection
Stlth  +.........               (no ring)
                                y - ring of resist corrosion

@: somewhat resistant to hostile enchantments, very unstealthy
A: breathe lightning, unfitting armour, antennae 1, clever 1, deterioration 1,
magic resistance 1, electricity resistance, cold-blooded, AC +6
a: Breathe Lightning, Renounce Religion


You were on level 6 of the Dungeon.
You worshipped Xom.
You were a favourite toy of Xom.
You were hungry.

You visited 1 branch of the dungeon, and saw 6 of its levels.

You collected 378 gold pieces.

Inventory:

Missiles
 x - 7 throwing nets (quivered)
Jewellery
 g - a +4 amulet of reflection (around neck)
 y - a ring of resist corrosion (left hand)
Wands
 j - a wand of magic darts (28/48)
 w - a wand of magic darts (44/48)
Scrolls
 e - 3 scrolls of identify
 h - a scroll of remove curse
 i - 2 scrolls of amnesia {unknown}
 l - 3 scrolls of magic mapping {unknown}
 m - a scroll of immolation {unknown}
 n - a scroll of recharging {unknown}
 o - a scroll of enchant weapon {unknown}
 u - a scroll of noise {unknown}
 v - a scroll of vulnerability {unknown}
Potions
 p - a potion of lignification {unknown}
 r - a potion of flight
 s - a potion of cancellation {unknown}
 t - a potion of berserk rage {unknown}
Books
 q - a Fen Folio

   Spells                             Type                      Level
   a - Corpse Rot                     Necromancy                   2
   b - Stone Arrow                    Conjuration/Earth            3
   c - Leda's Liquefaction            Hexes/Earth                  4
   d - Summon Forest                  Summoning/Translocation      5
   e - Hydra Form                     Transmutation                6
   f - Summon Hydra                   Summoning                    7
Comestibles
 a - 2 bread rations
 c - 6 meat rations
 f - 2 beef jerkies
 k - 2 slices of pizza


   Skills:
 - Level 3.2 Fighting
 - Level 2.1 Dodging
 + Level 10.7 Unarmed Combat


You had one spell level left.
You knew the following spells:

 Your Spells              Type           Power        Failure   Level  Hunger
a - Hydra Form            Trmt           #.........   100%        6    #######


Dungeon Overview and Level Annotations

Branches:
Dungeon (6/15)             Temple (0/1) D:4

Altars:
Dithmenos
Elyvilon
Gozag
Makhleb
Ru
Sif Muna
Yredelemnul
Zin
The Shining One

Annotations:
D:6 Blork the orc


Innate Abilities, Weirdness & Mutations

You can breathe wild blasts of lightning.
Your glossy black scales are hard (AC +6).
Your body does not fit into most forms of armour.
You are resistant to electric shocks.
You are cold-blooded and may be slowed by cold attacks.
You have a pair of small antennae on your head.
Your mind is acute. (Int +2)
Your body sometimes deteriorates upon taking damage.
You are resistant to hostile enchantments.


Message History

You hear some strange, mumbled words.
A puff of flame appears from out of thin air!
The puff of flame hits you!
* * * LOW HITPOINT WARNING * * *
Your surroundings suddenly seem different.
Found a plate armour.
A wasp comes into view.
Read which item? (? for menu, Esc to quit)
As you read the scroll of teleportation, it crumbles to dust.
You feel strangely unstable.
Found an ancient ring mail.
Your surroundings suddenly seem different.
A hound comes into view.
The hound barks!
Found a scroll labeled KUAGAU NABI and a scroll of teleportation.
A quokka and a centaur come into view.
The centaur shouts!
The centaur wields a shortbow.
The centaur shoots an arrow.
The arrow hits you!
You die...
Xom howls with laughter!

.......
...[... ..
#.
.......[
... .#
........
?... ..
........
....##.##
........
........c
........
...r....#
........
...h....#
..y.....
....?..@##
........
....###..#
........ .
#..#
########
#..# #..#
#... #.#.#
#.#..
#.##..


You could see a centaur, a hound and a quokka.

Vanquished Creatures
  Grinder (D:6)
  Sigmund (D:5)
  A phantom (D:4)
  A gnoll sergeant (D:5)
  A scorpion (D:5)
  A water moccasin skeleton (D:4)
  A hound (D:5)
  A gnoll shaman (D:5)
  A centaur skeleton (D:4)
  An orc wizard (D:5)
  4 worker ants
  A worker ant zombie (D:5)
  6 adders
  41 gnolls
  An ooze (D:1)
  A worm (D:2)
  A giant gecko (D:1)
  5 orcs
  5 bats
  4 giant cockroaches
  6 goblins
  4 hobgoblins
  19 jackals
  3 quokkas
  A ball python (D:3)
  A giant cockroach zombie (D:5)
  4 giant newts
  8 kobolds
  5 rats
130 creatures vanquished.

Vanquished Creatures (collateral kills)
  7 gnolls (D:5)
7 creatures vanquished.

Grand Total: 137 creatures vanquished

Notes
Turn   | Place    | Note
--------------------------------------------------------------
     0 | D:1      | namelastname112 the Draconian Chaos Knight began the quest for the Orb.
     0 | D:1      | Reached XP level 1. HP: 19/19 MP: 1/1
   194 | D:1      | Reached XP level 2. HP: 26/26 MP: 2/2
   455 | D:1      | XOM: harmless Tloc miscast
   511 | D:1      | XOM: divination: magic mapping
   550 | D:1      | Reached skill level 4 in Unarmed Combat
   551 | D:1      | XOM: potion effect (might)
   695 | D:2      | Found a glowing silver altar of Zin.
   696 | D:2      | Found a glowing golden altar of the Shining One.
   699 | D:2      | XOM: divination: detect items
   714 | D:2      | Reached XP level 3. HP: 17/31 MP: 3/3
   782 | D:2      | XOM: harmless Ice miscast
   812 | D:2      | XOM: divination: magic mapping
  1102 | D:2      | Found a white marble altar of Elyvilon.
  1292 | D:3      | Reached XP level 4. HP: 38/38 MP: 4/4
  1301 | D:3      | Reached skill level 5 in Unarmed Combat
  1426 | D:3      | XOM: 8-stop teleportation journey
  1471 | D:3      | XOM is BORED!
  1471 | D:3      | XOM: noise
  1648 | D:3      | XOM: 1-stop teleportation journey
  1688 | D:3      | XOM: give mutations
  1688 | D:3      | Gained mutation: You are resistant to hostile enchantments. [Xom's mischief]
  1688 | D:3      | Gained mutation: Your body sometimes deteriorates upon taking damage. [Xom's mischief]
  1688 | D:3      | Gained mutation: Your mind is acute. (Int +2) [Xom's mischief]
  1688 | D:3      | Gained mutation: You have a pair of small antennae on your head. [Xom's mischief]
  1892 | D:4      | XOM: summons 4 friendly demons
  1898 | D:4      | Reached XP level 5. HP: 40/45 MP: 5/5
  1921 | D:4      | Found a shadowy altar of Dithmenos.
  1924 | D:4      | XOM: confuse monster(s)
  1938 | D:4      | Reached skill level 6 in Unarmed Combat
  1990 | D:4      | Found a staircase to the Ecumenical Temple.
  2020 | D:4      | XOM: summons friendly shadow imp
  2093 | D:3      | XOM: mild Divn miscast
  2144 | D:4      | Found a deep blue altar of Sif Muna.
  2156 | D:4      | XOM: divination: detect creatures
  2247 | D:4      | Found a basalt altar of Yredelemnul.
  2272 | D:4      | Found a sacrificial altar of Ru.
  2361 | D:5      | Entered Level 5 of the Dungeon
  2363 | D:5      | Found an opulent altar of Gozag.
  2371 | D:5      | XOM: god gift: 5 meat rations
  2416 | D:5      | Noticed Sigmund
  2430 | D:5      | XOM: vitrification
  2436 | D:5      | XOM: summons friendly ufetubus
  2443 | D:5      | Killed Sigmund
  2443 | D:5      | Reached skill level 7 in Unarmed Combat
  2443 | D:5      | Reached XP level 6. HP: 35/51 MP: 6/6
  2571 | D:5      | XOM: cast spell 'Necromutation'
  2587 | D:5      | Found a burning altar of Makhleb.
  2659 | D:5      | XOM: noise
  2699 | D:5      | XOM: butterfly on damage
  2707 | D:5      | XOM: enchant monster (good)
  3012 | D:5      | Reached skill level 8 in Unarmed Combat
  3097 | D:5      | Reached XP level 7. HP: 43/57 MP: 7/7
  3097 | D:5      | Your scales start taking on a glossy black colour.
  3097 | D:5      | Gained mutation: You are resistant to electric shocks. [Black Draconian growth]
  3190 | D:5      | XOM: cast spell 'Monstrous Menagerie'
  3207 | D:5      | XOM: mild Chrm miscast
  3239 | D:5      | XOM: divination: detect creatures
  3334 | D:5      | XOM: summons friendly white imp
  3337 | D:5      | XOM: cast spell 'Cause Fear'
  3712 | D:5      | XOM: summons friendly crimson imp
  3744 | D:5      | Reached skill level 9 in Unarmed Combat
  3831 | D:5      | XOM: smoke on damage
  4080 | D:4      | XOM: divination: detect creatures
  4191 | D:4      | Learned a level 6 spell: Hydra Form
  4223 | D:4      | XOM: colour smoke trail
  4299 | D:4      | XOM: divination: detect creatures
  4406 | D:5      | XOM: cast spell 'Summon Small Mammal'
  4700 | D:5      | Reached XP level 8. HP: 43/63 MP: 8/8
  4855 | D:5      | Reached skill level 10 in Unarmed Combat
  4969 | D:5      | Got a pair of dazzling boots
  4975 | D:5      | Identified the cursed -6 pair of boots of the Prince of Darkness {rC+ Str+2 Int+2} (You found it on level 5 of the Dungeon)
  5008 | D:5      | XOM: harmless Pois miscast
  5419 | D:5      | XOM: noise
  5675 | D:6      | Noticed Grinder
  5683 | D:6      | Noticed Blork the orc
  5689 | D:6      | Killed Grinder
  5716 | D:6      | HP: 2/63 [something/puff of flame (4)]
  5721 | D:6      | Shot with an arrow by a centaur

Vault maps used:
D:1:      tarquinn_simple_flora_water_f, serial_bayou_lake_a
D:2:      good_gods_mini_temple
D:3:      first_bread, st_stairs_13
D:4:      kennysheep_mini, led_sif_book, nicolae_ru_path_of_blood,
          overflow_temple_1_default, temple_fountains
D:5:      lemuel_castle_with_subvaults, grunt_gozag_breadcrumbs,
          nicolae_overflow_crystal_walls, uniq_sigmund
D:6:      ashenzari_conservatory_becter, vehumet_statue,
          uniq_crazy_yiuf_cottage, uniq_blork_the_orc, uniq_grinder

Action                   |  1- 3 |  4- 6 |  7- 9 || total
-------------------------+-------+-------+-------++-------
Melee: Unarmed           |   126 |   173 |   246 ||   545
Throw: Throwing net      |       |       |     1 ||     1
 Abil: Breathe Lightning |       |       |     4 ||     4
  Use: Potion            |       |     5 |     2 ||     7
       Scroll            |       |     3 |     3 ||     6
 Stab: Sleeping          |     1 |       |       ||     1
  Eat: Chunk             |     1 |     6 |     9 ||    16
